 Dungeon Crawl Stone Soup version 0.30-a0-381-g6ea064c7b4 (webtiles) character file.

Game seed: 15926393026575961795

537 Shayle the Trooper (level 7, -6/54 HPs)
             Began as a Demonspawn Reaver on Dec 2, 2022.
             Mangled by a gnoll
             ... wielding a +0 whip
              (7 damage)
             ... on level 4 of the Dungeon.
             The game lasted 00:09:06 (3226 turns).

Shayle the Trooper (Demonspawn Reaver)              Turns: 3226, Time: 00:09:07

Health: -6/54      AC:  5    Str: 12    XL:     7   Next: 5%
Magic:  11/11      EV: 11    Int: 19    God:
Gold:   116        SH:  0    Dex: 11    Spells: 5/11 levels left

rFire   . . .      SeeInvis .    n - +2 spear "Ruopneci" {elec, rCorr Int+2}
rCold   . . .      Faith    .    (no shield)
rNeg    . . .      Spirit   .    b - +0 leather armour
rPois   .          Reflect  .    (no helmet)
rElec   .          Harm     .    (no cloak)
rCorr   +          Rampage  .    (no gloves)
Will    .....                    (no boots)
Stlth   ++........               (no amulet)
HPRegen 0.29/turn                (no ring)
MPRegen 0.12/turn                (no ring)

@: no status effects
A: thin metallic scales 1, powered by death 1
a: no special abilities


You were on level 4 of the Dungeon.
You visited 1 branch of the dungeon, and saw 4 of its levels.

You collected 116 gold pieces.

Inventory:

Hand Weapons
 a - a +0 hand axe
 n - the +2 spear "Ruopneci" (weapon) {elec, rCorr Int+2}
   (You found it on level 2 of the Dungeon)

   It occasionally discharges a powerful burst of electricity upon striking a
   foe.
   Int:       It affects your intelligence (+2).
   rCorr:     It protects you from acid and corrosion.
 u - a +5 war axe
 w - a +5 trident
Armour
 b - a +0 leather armour (worn)
Scrolls
 d - 4 scrolls of identify {unknown}
 e - 3 scrolls of magic mapping {unknown}
 j - a scroll of poison {unknown}
 k - 2 scrolls of enchant weapon {unknown}
 l - 2 scrolls of torment {unknown}
 o - 2 scrolls of teleportation {unknown}
 p - a scroll of noise {unknown}
 q - a scroll of silence {unknown}
 r - a scroll of fog {unknown}
 v - a scroll of brand weapon {unknown}
Potions
 c - a potion of might
 f - a potion of magic {unknown}
 g - a potion of lignification
 h - a potion of brilliance {unknown}
 i - a potion of haste {unknown}
 m - a potion of heal wounds
 s - 2 potions of flight {unknown}
 t - a potion of mutation {unknown}


   Skills:
 + Level 4.0 Fighting
 - Level 2.6 Axes
 + Level 3.1 Armour
 - Level 1.7 Dodging
 + Level 3.4 Stealth
 + Level 2.7 Spellcasting
 + Level 3.6 Conjurations
 + Level 1.7 Ice Magic


You had 5 spell levels left.
You knew the following spells:

 Your Spells              Type           Power      Damage    Failure   Level
a - Kiss of Death         Conj/Necr      36%        2d8       10%         1
b - Blink                 Tloc           4%         N/A       30%         2
c - Hailstorm             Conj/Ice       12%        3d5       21%         3

Your spell library contained the following spells:

 Spells                   Type           Power      Damage    Failure   Level
 Momentum Strike          Conj/Tloc      18%        3d8       14%         2
 Sandblast                Erth           4%         2d4       21%         1
 Stone Arrow              Conj/Erth      18%        3d8       28%         3
 Passwall                 Tmut/Erth      1%         N/A       30%         2
 Kindle Blastsparks       Fire/Tloc/Air  4%         2d10      52%         3
 Lesser Beckoning         Tloc           4%         N/A       52%         3
 Fulminant Prism          Conj/Hex       4%         3d5       67%         4
 Iskenderun's Mystic Bla  Conj/Tloc      9%         2d4       67%         4
 Lee's Rapid Deconstruct  Erth           1%         3d4*      99%         5


Dungeon Overview and Level Annotations

Branches:
Dungeon (4/15)
 Temple: D:4-7

Altars:
Makhleb
Trog
Vehumet
Wu Jian
Yredelemnul

Shops:
D:3 [

Annotations:
D:2 Robin


Innate Abilities, Weirdness & Mutations

You are partially covered in thin metallic scales. (AC +2)
You regenerate a little health from kills.


Message History

You kill the gnoll!
You have reached level 7!
A gnoll is nearby!
The gnoll shouts! x3
There is an open door, spattered with blood here.
Things that are here:
a +0 halberd; a gnoll corpse You closely miss the gnoll.
The gnoll misses you.
You hit the gnoll.
The gnoll is heavily wounded.
The gnoll barely misses you.
You hit the gnoll.
The gnoll is severely wounded.
The gnoll hits you with a +0 club.
You closely miss the gnoll.
The gnoll is severely wounded.
The gnoll closely misses you.
You hit the gnoll.
The gnoll is severely wounded.
The gnoll hits you with a +0 club. The gnoll misses you.
You barely miss the gnoll.
The gnoll is severely wounded.
The gnoll hits you with a +0 club. The gnoll hits you but does no damage.
The gnoll hits you with a +0 whip!
You hit the gnoll but do no damage.
The gnoll is severely wounded.
The gnoll completely misses you. The gnoll hits you with a +0 club.
The gnoll barely misses you.
You hit the gnoll.
You kill the gnoll!
The gnoll hits you with a +0 club! The gnoll hits you with a +0 whip!
* * * LOW HITPOINT WARNING * * *
You hit the gnoll. Lightning courses through the gnoll!!
You kill the gnoll!
You barely miss the gnoll. The gnoll hits you with a +0 whip!
* * * LOW HITPOINT WARNING * * *
The gnoll hits you with a +0 whip.
* * * LOW HITPOINT WARNING * * *
You closely miss the gnoll. The gnoll hits you with a +0 whip!
You die...

.#.#.# #.........# #.. .#.#.#
#.........# #.. .#.#.#
#.........# #.. .#.#.#
#.........# ### .#.#.####
#.........# ##......# #.........#
####### ........# #..)......#
#...... ........# ###g#######
#...... ........# #@......#
#...... ........# #.#####.#
#......
........##############.####......
...#..............#.......'......
.....#......#####.#.#..####).....
...†.+......'...#.#.#..# #......
...)†#...)..###.#.#.#..# #..)...
.....#......# #.#.#.#..# #......
.....#......# #.#.#†#..# #......


You could see a gnoll.

Vanquished Creatures
  A black bear (D:4)
  2 wights (D:3)
  A howler monkey (D:4)
  Jessica (D:3)
  An iguana (D:4)
  A scorpion zombie (D:3)
  Terence (D:3)
  Natasha (twice) (D:3 D:2)
  3 gnolls (D:4)
  3 adders
  An ufetubus (D:4)
  2 adder zombies (D:3)
  A worm (D:2)
  2 dart slugs
  2 orcs
  8 endoplasms
  3 giant cockroaches
  15 goblins
  9 hobgoblins
  3 jackals (D:3)
  5 quokkas
  5 ball pythons
  5 bats
  3 frilled lizards
  A giant cockroach zombie (D:3)
  5 kobolds
  A rat (D:3)
87 creatures vanquished.

Notes
Turn   | Place    | Note
-------+----------+-------------------------------------------
     0 | D:1      | Shayle the Demonspawn Reaver began the quest for the Orb.
     0 | D:1      | Reached XP level 1. HP: 16/16 MP: 3/3
   307 | D:1      | Gained mutation: You are partially covered in thin metallic
                  | scales. (AC +2) [demonic ancestry]
   307 | D:1      | Reached XP level 2. HP: 22/22 MP: 5/5
   376 | D:1      | Reached skill level 1 in Stealth
   431 | D:1      | Reached skill level 1 in Armour
   475 | D:1      | Learned a level 2 spell: Blink
  1006 | D:2      | Reached XP level 3. HP: 24/28 MP: 6/6
  1039 | D:2      | Identified the +2 spear "Ruopneci" {elec, rCorr Int+2}
  1144 | D:2      | Noticed Robin
  1271 | D:3      | Found Foamuptel's Armour Shoppe.
  1290 | D:3      | Noticed Terence
  1298 | D:3      | Killed Terence
  1299 | D:3      | Reached skill level 3 in Fighting
  1299 | D:3      | Reached XP level 4. HP: 31/35 MP: 7/7
  1372 | D:3      | Found a basalt altar of Yredelemnul.
  1516 | D:3      | Found an ornate altar of the Wu Jian Council.
  1522 | D:3      | Found a bloodstained altar of Trog.
  1527 | D:3      | Found a radiant altar of Vehumet.
  1528 | D:3      | Found a burning altar of Makhleb.
  1590 | D:3      | Noticed Natasha
  1604 | D:3      | Killed Natasha
  1605 | D:3      | Gained mutation: You regenerate a little health from kills.
                  | [demonic ancestry]
  1605 | D:3      | Reached XP level 5. HP: 28/41 MP: 8/8
  1656 | D:3      | Learned a level 3 spell: Hailstorm
  1727 | D:3      | Noticed Natasha
  2265 | D:2      | Killed Natasha
  2266 | D:2      | Reached XP level 6. HP: 31/48 MP: 9/9
  2392 | D:3      | Reached skill level 1 in Ice Magic
  2727 | D:3      | Noticed Jessica
  2740 | D:3      | Killed Jessica
  2999 | D:4      | Reached skill level 4 in Fighting
  3197 | D:4      | Reached XP level 7. HP: 37/54 MP: 11/11
  3225 | D:4      | HP: 1/54 [gnoll/+0 whip (4)]
  3226 | D:4      | Mangled by a gnoll

Illustrated notes

Levels and vault maps discovered:
D:1:      lightli_arrival_farm, layout_basic, minmay_tromino_mix6
D:2:      layout_basic, serial_aquarium, aquarium_bridge_long_joined
          [aquarium_subvault_bridge, aquarium_subvault_bridge,
          aquarium_subvault_bridge, aquarium_subvault_balcony,
          aquarium_subvault_bridge, aquarium_subvault_bridge],
          aquarium_window_fake, aquarium_window_double, aquarium_window_fake,
          aquarium_window_2, aquarium_view_4, aquarium_view_2c,
          aquarium_balcony_3b, aquarium_pool_2, corexii_item_surrounded_by_moat,
          uniq_robin
D:3:      layout_loops_ring, chequers_temple_overflow_minitemple,
          nicolae_yredelemnul_corpse_copse, serial_shops,
          nicolae_shop_window_shopping, uniq_terence, uniq_jessica, uniq_natasha
D:4:      layout_basic

Skill      XL: |  1  2  3  4  5  6 |
---------------+-------------------+-----
Stealth        | 1 2 3 |  3.4
Armour         | 1 2 3 |  3.1
Fighting       | 3 4 |  4.0
Ice Magic      | 1 |  1.7
Axes           | |  2.6
Dodging        | |  1.7
Spellcasting   | |  2.7
Conjurations   | |  3.6

Action                   |  1- 3 |  4- 6 |  7- 9 || total
-------------------------+-------+-------+-------++-------
Melee: Hand axe          |    92 |       |       ||    92
       Punch             |     1 |       |       ||     1
       Spear             |    40 |   168 |    11 ||   219
  Use: Potion            |     3 |       |       ||     3
 Stab: Sleeping          |     1 |     2 |       ||     3
Armor: Leather armour    |    41 |    47 |     1 ||    89
       Skin              |     3 |       |       ||     3
Dodge: Dodged            |    90 |   109 |     6 ||   205

Table legend: (Time is in decaauts)
 A = Elapsed time spent in this place.
 B = Non-inter-level travel time spent in this place.
 C = Inter-level travel time spent in this place.
 D = Time resting spent in this place.
 E = Time spent auto-exploring this place.
 F = Levels seen in this place.
 G = Mean time per level.
                   A        B        C        D        E       F      G
               +--------+--------+--------+--------+--------+-----+--------+
         Total |   3270 |   3223 |     47 |    582 |   1624 |   4 |  817.5 |
       Dungeon |   3270 |   3223 |     47 |    582 |   1624 |   4 |  817.5 |
               +--------+--------+--------+--------+--------+-----+--------+

Top non-repeatable levels by time:
     D:3: 1237 daAuts
     D:1: 927 daAuts
     D:4: 714 daAuts
     D:2: 391 daAuts
